cohdb
Replays
Latest Replays
All Replays
Popular Replays
Top Player Replays
Match Explorer
How It Works
Community
CoH3 Stats
Reddit
Sign in to upload your games and track your stats! →
Sign in with Steam
Match 43777670
Unlisted
Match 43777670
Overview
Messages
Build Orders
End
Selects Luftwaffe Battlegroup
Construct Infanterie Kompanie
Kettenkrad Recon Vehicle
Grenadier Squad
Grenadier Squad
Selects Luftwaffe Pioneer Support
MG 42 Machine Gun Team
MG 42 Machine Gun Team
Selects Reconnaissance Run
Medical Station
Infanterie Officer Quarters
GrW 34 Mortar Team
Selects Fallschirmjäger Squad Paradrop
Fallschirmjäger Squad Paradrop
Construct Luftwaffe Kompanie
Selects LG40 Recoilless Gun Paradrop
221 Scout Car
Support Elements
221 Scout Car
Side Skirts
asi14
May von Dork
NilYdna
Davisonte
DarkLord
juve1975
Hank
IndomitableSpirit
0
0
Comments
sign in to comment!
No comments posted yet!